TOP OF THE 1ST |
Salt Lake City Buzz batting - Pitching for Athletic Club KC Reserves : RHP Alberto Díaz
|
Pitching: RHP Alberto Díaz
|
|
Batting: RHB Roberto Ríos
|
0-0: SINGLE (Groundball, 4M)
|
Batting: SHB Carlton Reed
|
0-0: Ball 1-0: Ball 2-0: Called Strike 2-1: Called Strike 2-2: Ball 3-2: Base on Balls Roberto Ríos to second
|
Batting: RHB Oliver Aranda
|
0-0: Foul Ball, location: 2F 0-1: Fly out, F8 (Flyball, 8RM)
|
Batting: RHB Miguel Vidro
|
0-0: Ball 1-0: Fly out, F7 (Flyball, 7M)
|
Batting: RHB Patrick Clark
|
0-0: SINGLE (Line Drive, 34) Roberto Ríos to third Carlton Reed to second Runner from 3rd tries for Home, SAFE, no throw or cutoff
|
Batting: RHB Ichiyo Fujii
|
0-0: Ball 1-0: Foul Ball, location: 2F 1-1: Ball 2-1: Swinging Strike 2-2: Fly out, F5 (Popup, 5SF)
|
Top of the 1st over - 1 run(s), 2 hit(s), 0 error(s), 2 left on base; Salt Lake City 1 - Athletic Club KC 0 |
BOTTOM OF THE 1ST |
Athletic Club KC Reserves batting - Pitching for Salt Lake City Buzz : RHP César Toledo
|
Pitching: RHP César Toledo
|
|
Batting: SHB Evan Adams
|
0-0: Called Strike 0-1: Ball 1-1: Fly out, F7 (Flyball, 7LS)
|
Batting: RHB Glenn Woods
|
0-0: SINGLE (Flyball, 89S)
|
Batting: SHB Pedro Vázquez
|
0-0: Ball Glenn Woods is caught stealing 2nd base 1-0: Fly out, F7 (Flyball, 78M)
|
Bottom of the 1st over - 0 run(s), 1 hit(s), 0 error(s), 0 left on base; Salt Lake City 1 - Athletic Club KC 0 |
TOP OF THE 2ND |
Salt Lake City Buzz batting - Pitching for Athletic Club KC Reserves : RHP Alberto Díaz
|
Batting: RHB Zach Lewis
|
0-0: SINGLE (Line Drive, 78M)
|
Batting: RHB Jim Coffey
|
0-0: Grounds into double play, 5-4-3 (Groundball, 56)
|
Batting: RHB Jorge Torrez
|
0-0: Ball 1-0: Ball 2-0: SINGLE (Groundball, 56D)
|
Batting: RHB Roberto Ríos
|
0-0: SINGLE (Line Drive, 4M) Jorge Torrez to second
|
Batting: SHB Carlton Reed
|
0-0: Ball 1-0: Called Strike 1-1: Ground out 4-3 (Groundball, 34)
|
Top of the 2nd over - 0 run(s), 3 hit(s), 0 error(s), 2 left on base; Salt Lake City 1 - Athletic Club KC 0 |
BOTTOM OF THE 2ND |
Athletic Club KC Reserves batting - Pitching for Salt Lake City Buzz : RHP César Toledo
|
Batting: RHB Bill Dennis
|
0-0: Ball 1-0: Swinging Strike 1-1: Called Strike 1-2: Ball 2-2: Ball 3-2: Base on Balls
|
Batting: RHB Joe Guy
|
0-0: Ball 1-0: Ball Bill Dennis steals 2nd base 2-0: Ball 3-0: Fly out, F8 (Flyball, 8LM) 3-0: Fly out, F8 (Flyball, 8LM)
|
Batting: LHB Matt Hartnett
|
0-0: Ball 1-0: Ball 2-0: Ball 3-0: Base on Balls
|
Batting: RHB Máximo Padilla
|
0-0: Ball 1-0: Ball 2-0: Called Strike 2-1: Ball 3-1: Foul Ball, location: 2F 3-2: SINGLE (Flyball, 7S) Bill Dennis to third Matt Hartnett to second Bill Dennis scores Matt Hartnett to third
|
Batting: RHB Adam Hennessey
|
0-0: Called Strike 0-1: Grounds into double play, 4-6-3 (Groundball, 4)
|
Bottom of the 2nd over - 1 run(s), 1 hit(s), 0 error(s), 1 left on base; Salt Lake City 1 - Athletic Club KC 1 |
TOP OF THE 3RD |
Salt Lake City Buzz batting - Pitching for Athletic Club KC Reserves : RHP Alberto Díaz
|
Batting: RHB Oliver Aranda
|
0-0: Ball 1-0: Ball 2-0: Fly out, F9 (Flyball, 9LM)
|
Batting: RHB Miguel Vidro
|
0-0: Foul Ball, location: 2F 0-1: Ball 1-1: Hit by Pitch
|
Batting: RHB Patrick Clark
|
0-0: Foul Ball, location: 2F 0-1: Ball Balk! Miguel Vidro to second 1-1: Ball 2-1: Swinging Strike 2-2: Foul Ball, location: 2F 2-2: Ball 3-2: Reached on error, E6 (Groundball, 6D) Miguel Vidro to third
|
Batting: RHB Ichiyo Fujii
|
0-0: Ball 1-0: SINGLE (Line Drive, 4D) Miguel Vidro scores Patrick Clark to second
|
Batting: RHB Zach Lewis
|
0-0: Ball 1-0: Ball 2-0: Called Strike 2-1: Called Strike 2-2: Foul Ball, location: 2F 2-2: Ball 3-2: Foul Ball, location: 2F 3-2: Foul Ball, location: 2F 3-2: SINGLE (Line Drive, 7LS) Patrick Clark to third Ichiyo Fujii to second
|
Batting: RHB Jim Coffey
|
0-0: Fly out, F8 (Flyball, 8LM) Runner from 3rd tags up, SCORES, throw made
|
Batting: RHB Jorge Torrez
|
0-0: Ball 1-0: Ball 2-0: Foul Ball, location: 2F 2-1: Ground out 3-1 (Groundball, 34)
|
Top of the 3rd over - 2 run(s), 2 hit(s), 1 error(s), 2 left on base; Salt Lake City 3 - Athletic Club KC 1 |
BOTTOM OF THE 3RD |
Athletic Club KC Reserves batting - Pitching for Salt Lake City Buzz : RHP César Toledo
|
Batting: LHB Eduardo López
|
0-0: Ball 1-0: Ball 2-0: SINGLE (Groundball, 4M)
|
Batting: SHB Evan Adams
|
0-0: Foul Ball, location: 2F 0-1: Swinging Strike 0-2: Foul Ball, location: 2F 0-2: Ball 1-2: Fly out, F7 (Line Drive, 7S)
|
Batting: RHB Glenn Woods
|
0-0: Called Strike 0-1: Swinging Strike 0-2: Foul Ball, location: 2F 0-2: Strikes out swinging
|
Batting: SHB Pedro Vázquez
|
0-0: Ball 1-0: Ball 2-0: Fly out, F8 (Line Drive, 8RM)
|
Bottom of the 3rd over - 0 run(s), 1 hit(s), 0 error(s), 1 left on base; Salt Lake City 3 - Athletic Club KC 1 |
TOP OF THE 4TH |
Salt Lake City Buzz batting - Pitching for Athletic Club KC Reserves : RHP Alberto Díaz
|
Batting: RHB Roberto Ríos
|
0-0: Ground out 4-3 (Groundball, 4)
|
Batting: SHB Carlton Reed
|
0-0: Foul Ball, location: 2F 0-1: Ball 1-1: Foul Ball, location: 2F 1-2: Strikes out looking
|
Batting: RHB Oliver Aranda
|
0-0: Ball 1-0: Called Strike 1-1: Called Strike 1-2: Ball 2-2: Ball 3-2: Foul Ball, location: 2F 3-2: SINGLE (Line Drive, 78S)
|
Batting: RHB Miguel Vidro
|
0-0: Ball 1-0: SINGLE (Line Drive, 7S) Oliver Aranda to second Oliver Aranda to third
|
Batting: RHB Patrick Clark
|
0-0: Ball 1-0: Ball 2-0: Fly out, F7 (Flyball, 7LD)
|
Top of the 4th over - 0 run(s), 2 hit(s), 0 error(s), 2 left on base; Salt Lake City 3 - Athletic Club KC 1 |
BOTTOM OF THE 4TH |
Athletic Club KC Reserves batting - Pitching for Salt Lake City Buzz : RHP César Toledo
|
Batting: RHB Bill Dennis
|
0-0: Ball 1-0: Ball 2-0: Foul Ball, location: 2F 2-1: Fly out, F4 (Line Drive, 4M)
|
Batting: RHB Joe Guy
|
0-0: Called Strike 0-1: Ball 1-1: Ball 2-1: Foul Ball, location: 2F 2-2: Fly out, F7 (Line Drive, 7M)
|
Batting: LHB Matt Hartnett
|
0-0: Swinging Strike 0-1: Ball 1-1: Ball 2-1: Ball 3-1: Foul Ball, location: 2F 3-2: Base on Balls
|
Batting: RHB Máximo Padilla
|
0-0: Called Strike 0-1: Ground out 5-3 (Groundball, 56S)
|
Bottom of the 4th over - 0 run(s), 0 hit(s), 0 error(s), 1 left on base; Salt Lake City 3 - Athletic Club KC 1 |
TOP OF THE 5TH |
Salt Lake City Buzz batting - Pitching for Athletic Club KC Reserves : RHP Alberto Díaz
|
Batting: RHB Ichiyo Fujii
|
0-0: Ball 1-0: Called Strike 1-1: Ground out 5-3 (Groundball, 56)
|
Batting: RHB Zach Lewis
|
0-0: Ball 1-0: Foul Ball, location: 2F 1-1: Foul Ball, location: 2F 1-2: Strikes out swinging
|
Batting: RHB Jim Coffey
|
0-0: Called Strike 0-1: Foul Ball, location: 2F 0-2: Ball 1-2: Ground out 6-3 (Groundball, 56)
|
Top of the 5th over - 0 run(s), 0 hit(s), 0 error(s), 0 left on base; Salt Lake City 3 - Athletic Club KC 1 |
BOTTOM OF THE 5TH |
Athletic Club KC Reserves batting - Pitching for Salt Lake City Buzz : RHP César Toledo
|
Batting: RHB Adam Hennessey
|
0-0: Called Strike 0-1: Ball 1-1: Ball 2-1: Ball 3-1: Fly out, F5 (Popup, 5S)
|
Batting: LHB Eduardo López
|
0-0: Ball 1-0: Ground out U3 (Groundball, 3L)
|
Batting: SHB Evan Adams
|
0-0: Swinging Strike 0-1: Ball 1-1: Foul Ball, location: 2F 1-2: Foul Ball, location: 2F 1-2: Strikes out swinging
|
Bottom of the 5th over - 0 run(s), 0 hit(s), 0 error(s), 0 left on base; Salt Lake City 3 - Athletic Club KC 1 |
TOP OF THE 6TH |
Salt Lake City Buzz batting - Pitching for Athletic Club KC Reserves : RHP Alberto Díaz
|
Batting: RHB Jorge Torrez
|
0-0: TRIPLE (Flyball, 89M)
|
Batting: RHB Roberto Ríos
|
0-0: Foul Ball, location: 2F 0-1: Fly out, F8 (Flyball, 8RS)
|
Batting: SHB Carlton Reed
|
0-0: Called Strike 0-1: Ball 1-1: Fly out, F8 (Flyball, 8RXD) Runner from 3rd tags up, SCORES, no throw
|
Batting: RHB Oliver Aranda
|
0-0: Ball 1-0: Ground out U3 (Groundball, 3L)
|
Top of the 6th over - 1 run(s), 1 hit(s), 0 error(s), 0 left on base; Salt Lake City 4 - Athletic Club KC 1 |
BOTTOM OF THE 6TH |
Athletic Club KC Reserves batting - Pitching for Salt Lake City Buzz : RHP César Toledo
|
Batting: RHB Glenn Woods
|
0-0: Swinging Strike 0-1: Called Strike 0-2: Ball 1-2: Foul Ball, location: 2F 1-2: Foul Ball, location: 2F 1-2: Ball 2-2: Ball 3-2: Base on Balls
|
Pitching: RHP Alberto García
|
|
Batting: SHB Pedro Vázquez
|
0-0: Ball 1-0: Foul Ball, location: 2F 1-1: Ball 2-1: Called Strike 2-2: Foul Ball, location: 2F 2-2: Fly out, F8 (Flyball, 8RD)
|
Batting: RHB Bill Dennis
|
0-0: Foul Ball, location: 2F 0-1: Ball 1-1: Ball 2-1: Called Strike 2-2: Reached on error, E3 (Groundball, 3L) Glenn Woods to second
|
Batting: RHB Joe Guy
|
0-0: Swinging Strike 0-1: Ball 1-1: Called Strike 1-2: Ball 2-2: Ball Wild Pitch! Glenn Woods to third Bill Dennis to second 3-2: Foul Ball, location: 2F 3-2: Fly out, F3 (Popup, 3F)
|
Batting: LHB Matt Hartnett
|
0-0: Ball 1-0: Called Strike 1-1: Ball 2-1: Fly out, F6 (Popup, 6MD)
|
Bottom of the 6th over - 0 run(s), 0 hit(s), 1 error(s), 2 left on base; Salt Lake City 4 - Athletic Club KC 1 |
TOP OF THE 7TH |
Salt Lake City Buzz batting - Pitching for Athletic Club KC Reserves : RHP Alberto Díaz
|
Batting: RHB Miguel Vidro
|
0-0: Foul Ball, location: 2F 0-1: Ground out 1-3 (Groundball, 15S)
|
Batting: RHB Patrick Clark
|
0-0: Swinging Strike 0-1: SINGLE (Line Drive, 78M)
|
Batting: RHB Ichiyo Fujii
|
0-0: Called Strike 0-1: Ball 1-1: SINGLE (Line Drive, 56) Patrick Clark to second
|
Batting: RHB Zach Lewis
|
0-0: Ball 1-0: Called Strike 1-1: Foul Ball, location: 2F 1-2: Foul Ball, location: 2F 1-2: Ball 2-2: Ball 3-2: Strikes out swinging
|
Batting: RHB Jim Coffey
|
0-0: Ball 1-0: Called Strike 1-1: Called Strike 1-2: Foul Ball, location: 2F 1-2: Foul Ball, location: 2F 1-2: Strikes out swinging
|
Top of the 7th over - 0 run(s), 2 hit(s), 0 error(s), 2 left on base; Salt Lake City 4 - Athletic Club KC 1 |
BOTTOM OF THE 7TH |
Athletic Club KC Reserves batting - Pitching for Salt Lake City Buzz : RHP Alberto García
|
Batting: RHB Máximo Padilla
|
0-0: Called Strike 0-1: Ground out 6-3 (Groundball, 6)
|
Batting: RHB Adam Hennessey
|
0-0: Ball 1-0: Ball 2-0: Ground out 6-3 (Groundball, 6)
|
Batting: LHB Eduardo López
|
0-0: Ball 1-0: Called Strike 1-1: Fly out, F3 (Popup, 3F)
|
Bottom of the 7th over - 0 run(s), 0 hit(s), 0 error(s), 0 left on base; Salt Lake City 4 - Athletic Club KC 1 |
TOP OF THE 8TH |
Salt Lake City Buzz batting - Pitching for Athletic Club KC Reserves : RHP Alberto Díaz
|
Pitching: RHP Jeremy Gutiérrez
|
|
Batting: RHB Jorge Torrez
|
0-0: Ball 1-0: Ball 2-0: Ball 3-0: Base on Balls
|
Batting: RHB Roberto Ríos
|
0-0: Ball 1-0: Sac Bunt - play at first, batter OUT! 5-4 Jorge Torrez to second
|
Batting: SHB Carlton Reed
|
0-0: Ball 1-0: Ball 2-0: Ball 3-0: Called Strike 3-1: Ground out 4-3 (Groundball, 4) Jorge Torrez to third
|
Batting: RHB Oliver Aranda
|
0-0: Ball 1-0: Fly out, F9 (Flyball, 9M)
|
Top of the 8th over - 0 run(s), 0 hit(s), 0 error(s), 1 left on base; Salt Lake City 4 - Athletic Club KC 1 |
BOTTOM OF THE 8TH |
Athletic Club KC Reserves batting - Pitching for Salt Lake City Buzz : RHP Alberto García
|
Batting: SHB Evan Adams
|
0-0: Ball 1-0: Ground out 6-3 (Groundball, 6M)
|
Batting: RHB Glenn Woods
|
0-0: Ball 1-0: Foul Ball, location: 2F 1-1: Fly out, F6 (Popup, 6D)
|
Batting: SHB Pedro Vázquez
|
0-0: Ground out 6-3 (Groundball, 6M)
|
Bottom of the 8th over - 0 run(s), 0 hit(s), 0 error(s), 0 left on base; Salt Lake City 4 - Athletic Club KC 1 |
TOP OF THE 9TH |
Salt Lake City Buzz batting - Pitching for Athletic Club KC Reserves : RHP Jeremy Gutiérrez
|
Batting: RHB Miguel Vidro
|
0-0: Called Strike 0-1: Foul Ball, location: 2F 0-2: Fly out, F9 (Flyball, 9LM)
|
Batting: RHB Patrick Clark
|
0-0: Ball 1-0: Ball 2-0: SINGLE (Line Drive, 3D)
|
Batting: RHB Ichiyo Fujii
|
0-0: Foul Ball, location: 2F 0-1: Called Strike 0-2: Ball 1-2: Ball 2-2: Foul Ball, location: 2F 2-2: SINGLE (Groundball, 4MD) Patrick Clark to second
|
Batting: RHB Zach Lewis
|
0-0: Called Strike 0-1: Called Strike 0-2: Strikes out swinging
|
Batting: RHB Jim Coffey
|
0-0: Ball 1-0: Foul Ball, location: 2F 1-1: Swinging Strike 1-2: Strikes out looking
|
Top of the 9th over - 0 run(s), 2 hit(s), 0 error(s), 2 left on base; Salt Lake City 4 - Athletic Club KC 1 |
BOTTOM OF THE 9TH |
Athletic Club KC Reserves batting - Pitching for Salt Lake City Buzz : RHP Alberto García
|
Pitching: RHP Deron Kuhn
|
|
Batting: RHB Bill Dennis
|
0-0: Ball 1-0: Ball 2-0: Called Strike 2-1: Foul Ball, location: 2F 2-2: Ball 3-2: Base on Balls
|
Batting: RHB Joe Guy
|
0-0: Ball 1-0: Swinging Strike 1-1: Fly out, F7 (Flyball, 7D)
|
Batting: LHB Matt Hartnett
|
0-0: Fly out, F7 (Flyball, 7S)
|
Batting: RHB Máximo Padilla
|
0-0: Swinging Strike 0-1: Swinging Strike 0-2: Foul Ball, location: 2F 0-2: Strikes out swinging
|
Bottom of the 9th over - 0 run(s), 0 hit(s), 0 error(s), 1 left on base; Salt Lake City 4 - Athletic Club KC 1 |
|